Map: Blackpink LE

Players

BattleRoyale - Winner!

  • Race: Terran Terran
  • League: Diamond
  • Spawn Location: 1:00

Lua

  • Race: Zerg Zerg
  • League: Platinum
  • Spawn Location: 7:00

VOD

Have the link to the VOD?

Description

Time

  • Played on: April 28, 2018, 1:15 a.m.
  • Length: 14:29
Show
View Real Time Build Order
Export as new Build Order

BattleRoyale Terran - Winner!

Build Orders: Cyclone Opening, MMM Bio 

Get SALT Encoding   

  12  0:01  SCV  
  13  0:13  SCV  
  14  0:19  Supply Depot  
  14  0:25  SCV  
  14  0:28  Refinery  
  15  0:41  SCV  
  16  0:45  Barracks  
  16  0:53  SCV  
  17  1:05  SCV  
  18  1:17  SCV  
  19  1:30  SCV  
  20  1:38  Command Center  
  20  1:41  Reaper  
  21  1:52  Factory  
  21  2:02  Supply Depot  
  21  2:14  Orbital Command  
  21  2:32  Barracks Reactor  
  21  2:38  Refinery  
  21  2:42  SCV  
  22  2:50  Cyclone  
  22  2:51  SCV  
  26  3:17  Marine x2  
  28  3:23  Orbital Command, Bunker  
  28  3:25  Factory Tech Lab  
  28  3:30  SCV  
  29  3:38  Marine x2  
  31  3:41  Starport  
  31  3:42  SCV  
  31  3:47  Barracks x2  
  32  3:54  SCV  
  33  3:56  SCV  
  33  3:58  Siege Tank  
  37  4:06  SCV  
  37  4:08  SCV  
  39  4:18  Supply Depot, SCV  
  39  4:20  SCV  
  39  4:23  Marine x2  
  42  4:30  SCV  
  43  4:32  SCV  
  43  4:35  Liberator  
  44  4:42  Supply Depot  
  44  4:43  SCV  
  44  4:44  SCV  
  46  4:48  Barracks Tech Lab  
  46  4:49  Barracks Reactor  
  46  4:51  Marine x2  
  51  4:55  SCV  
  51  4:56  SCV  
  53  5:06  Supply Depot  
  53  5:07  Supply Depot, SCV, Command Center  
  53  5:11  Engineering Bay  
  53  5:12  Stimpack  
  54  5:15  SCV  
  54  5:17  Marauder  
  54  5:19  Marine x2  
  59  5:22  SCV  
  59  5:27  SCV  
  61  5:34  SCV, Marine  
  61  5:35  Marine  
  64  5:39  SCV  
  65  5:50  Supply Depot  
  65  5:53  SCV x2  
  67  5:58  Missile Turret  
  67  5:59  Missile Turret  
  67  6:00  Missile Turret  
  67  6:02  Marauder, Missile Turret x2  
  67  6:03  Barracks Reactor, Marine x2  
  71  6:05  SCV x2, Viking  
  71  6:11  Refinery  
  75  6:13  Terran Infantry Weapons Level 1  
  75  6:17  SCV  
  75  6:18  SCV  
  77  6:21  Engineering Bay  
  77  6:24  Armory  
  78  6:30  SCV x2  
  79  6:37  Marine x2  
  79  6:38  Marauder  
  83  6:42  SCV x2  
  83  6:43  Marine  
  83  6:44  Medivac, Marine  
  86  6:48  Supply Depot  
  86  6:51  Supply Depot  
  86  6:54  SCV x2  
  87  6:59  Refinery  
  87  7:00  Orbital Command  
  88  7:01  Marine x2  
  88  7:04  Marine x3  
  93  7:08  Siege Tank  
  93  7:11  SCV x2  
  98  7:18  Supply Depot  
  98  7:19  Marine x2  
  98  7:20  Medivac  
  98  7:22  Marine  
  103  7:30  SCV  
  103  7:34  Terran Infantry Armor Level 1  
  103  7:36  Marine x2  
  106  7:37  Marine  
  106  7:38  Refinery  
  106  7:39  Combat Shields  
  106  7:40  SCV, Marine  
  106  7:41  Marine  
  106  7:42  Refinery  
  110  7:58  Terran Vehicle Weapons Level 1  
  110  8:01  Siege Tank, Marine  
  110  8:02  Marine  
  110  8:04  SCV x2  
  117  8:09  SCV, Marine x2  
  117  8:12  Terran Infantry Weapons Level 2  
  120  8:16  SCV  
  120  8:17  SCV  
  120  8:18  Supply Depot  
  120  8:19  Supply Depot x2  
  122  8:20  Marauder  
  122  8:22  Marine  
  122  8:24  Command Center  
  122  8:26  Supply Depot  
  125  8:27  Supply Depot  
  125  8:36  Medivac, Marine x3  
  130  8:45  Marine x2  
  131  8:53  Marine x2  
  107  9:10  Marine x3  
  107  9:11  Marine  
  107  9:12  Siege Tank  
  107  9:13  Medivac x2  
  118  9:18  Concussive Shells  
  118  9:20  Marine  
  119  9:24  SCV x2  
  119  9:28  Marine x2  
  119  9:29  Marauder  
  119  9:30  SCV  
  126  9:34  Marine  
  126  9:36  Terran Infantry Armor Level 2, SCV  
  126  9:38  Refinery x2, Marine  
  129  9:42  Sensor Tower  
  129  9:43  Viking x2  
  133  9:45  Marine  
  133  9:46  Marine  
  133  9:47  Supply Depot  
  133  9:48  Siege Tank  
  133  9:49  Marine  
  133  9:50  Supply Depot  
  133  9:51  Marine  
  133  9:52  Terran Vehicle And Ship Armor Level 1  
  140  9:53  Sensor Tower  
  140  9:56  Marine  
  140  9:59  Supply Depot  
  141  10:03  Marine x2  
  143  10:07  Marine  
  143  10:09  Marine  
  143  10:13  Marine  
  146  10:21  Marine x2  
  146  10:25  Marine  
  146  10:27  Marine  
  140  10:31  Marine  
  129  10:39  Marine  
  130  10:47  Marine x3  
  130  10:49  Marine  
  128  10:57  Marine  
  125  11:05  Marine x3  
  125  11:06  Terran Infantry Weapons Level 3  
  125  11:07  Marine  
  125  11:09  Siege Tank  
  132  11:15  Marine  
  132  11:17  Factory  
  133  11:19  Factory x2  
  133  11:20  Barracks  
  133  11:21  Barracks x3  
  133  11:22  Starport x2  
  133  11:23  Marine x3  
  133  11:25  Marine  
  137  11:32  Marine  
  138  11:40  Marine  
  138  11:41  Marine x2  
  138  11:42  Siege Tank, Marine  
  145  11:50  Marine  
  146  11:58  Marine x2  
  146  11:59  Marine  
  146  12:00  Marine  
  150  12:08  Marine  
  150  12:12  Viking  
  150  12:13  Viking  
  150  12:14  Siege Tank  
  158  12:16  Marine x3  
  158  12:18  Marine  
  162  12:26  Marine  
  161  12:34  Marine x3  
  161  12:36  Marine  
  161  12:42  Viking  
  161  12:44  Marine  
  161  12:46  Siege Tank, Medivac  
  161  12:50  Factory Tech Lab x3  
  167  12:52  Starport Reactor x2, Marine x3  
  167  12:54  Barracks Reactor x2, Marine  
  167  12:55  Barracks Tech Lab  
  171  12:59  Liberator  
  171  13:01  Marine  
  171  13:04  Orbital Command  
  172  13:06  Marine  
  172  13:09  Marine  
  172  13:10  Marine x2  
  172  13:11  Marine  
  177  13:12  Medivac  
  177  13:18  Siege Tank  
  177  13:19  Marine  
  182  13:32  Marine x2  
  182  13:33  Marine  
  177  13:37  Marine x5  
  177  13:38  Marine  
  177  13:39  Viking x2  
  177  13:40  Viking  
  189  13:50  Siege Tank, Marine x3  
  189  13:54  Marine  
  189  13:55  Marine x3  
Show
View Real Time Build Order
Export as new Build Order

Lua Zerg 

Build Orders: Hatch First 

Get SALT Encoding   

  12  0:01  Drone  
  13  0:13  Overlord  
  13  0:17  Drone  
  14  0:31  Drone x2  
  14  0:35  Drone  
  17  0:55  Drone  
  17  0:56  Hatchery  
  17  1:02  Extractor, Drone  
  17  1:17  Spawning Pool  
  16  1:19  Drone  
  16  1:22  Drone  
  18  1:32  Drone  
  19  1:47  Drone  
  20  1:55  Drone  
  21  2:03  Zergling x2  
  21  2:07  Queen  
  24  2:08  Queen  
  24  2:09  Overlord  
  26  2:18  Drone  
  26  2:20  Drone  
  28  2:29  Drone  
  29  2:30  Drone  
  30  2:39  Drone  
  30  2:42  Drone  
  32  2:46  Metabolic Boost, Hatchery  
  31  2:55  Roach Warren  
  30  3:15  Drone x2  
  30  3:16  Drone x4  
  36  3:22  Extractor  
  36  3:24  Extractor  
  34  3:31  Lair  
  34  3:50  Roach  
  34  3:52  Overlord  
  34  3:53  Overlord  
  36  3:57  Queen  
  37  4:10  Overlord x2  
  37  4:19  Baneling Nest  
  36  4:24  Drone x7  
  36  4:25  Drone x4  
  36  4:28  Overlord  
  47  4:40  Hydralisk Den  
  46  4:46  Queen  
  46  4:49  Roach x2  
  52  4:56  Glial Reconstitution  
  52  5:01  Evolution Chamber  
  52  5:02  Centrifical Hooks  
  51  5:07  Overseer  
  51  5:16  Hydralisk x3  
  51  5:19  Drone  
  51  5:20  Drone  
  51  5:21  Drone  
  60  5:23  Drone  
  60  5:27  Drone x2  
  63  5:29  Drone  
  63  5:30  Drone  
  63  5:34  Overlord  
  65  5:46  Grooved Spines  
  65  5:49  Hydralisk x3  
  71  5:53  Overlord  
  71  5:58  Drone x3  
  74  6:16  Hydralisk x3  
  74  6:17  Hatchery  
  71  6:37  Hydralisk x7  
  83  6:48  Drone  
  83  6:49  Drone x5  
  83  6:51  Overlord  
  89  6:56  Overlord  
  89  7:17  Hydralisk x6  
  101  7:26  Muscular Augments  
  101  7:30  Zerg Missile Weapons Level 1  
  101  7:34  Zergling x2  
  101  7:35  Zergling x14  
  109  7:40  Overseer  
  109  8:02  Zergling x2  
  109  8:03  Zergling x2  
  109  8:04  Overlord  
  109  8:05  Overlord x5  
  111  8:06  Overlord  
  111  8:15  Extractor, Overlord x3, Queen  
  111  8:16  Extractor  
  111  8:19  Baneling  
  111  8:20  Baneling x7  
  111  8:24  Baneling x4  
  111  8:25  Baneling x4  
  111  8:30  Drone x3  
  111  8:31  Drone  
  74  9:03  Zergling x2  
  74  9:04  Zergling x34  
  74  9:05  Zergling x10  
  84  9:18  Hydralisk x5  
  94  9:25  Drone x5  
  99  9:33  Hydralisk x3  
  105  9:39  Drone x4  
  109  9:48  Drone x2  
  109  9:49  Drone x5  
  116  10:07  Drone x5  
  121  10:16  Baneling x3  
  121  10:17  Baneling x3  
  100  10:31  Hydralisk x11  
  114  10:50  Zergling x16  
  115  11:01  Zergling x6  
  104  11:05  Zergling x4  
  106  11:11  Hydralisk  
  106  11:12  Hydralisk x3  
  106  11:17  Baneling x9  
  106  11:18  Baneling x5  
  114  11:19  Zergling x2  
  114  11:20  Zergling x4  
  115  11:26  Hydralisk  
  117  11:39  Zergling x14  
  123  11:49  Zergling x6  
  125  12:06  Roach x4  
  131  12:19  Zergling x2  
  131  12:20  Zergling x8  
  130  12:38  Zergling x4  
  130  12:39  Zergling x18  
  143  12:58  Roach x2  
  143  12:59  Roach x8  
  161  13:07  Hatchery  
  160  13:13  Roach  
  160  13:16  Hatchery  
  160  13:19  Hatchery  
  160  13:21  Hydralisk Den  
  160  13:24  Hatchery  
  94  13:36  Drone  
  94  13:37  Drone x2  
  94  13:39  Roach x12  
  117  13:49  Roach x5  
  117  14:04  Zergling x2  
  117  14:05  Zergling x8  
Tags
 
Add a new tag
Caveats
  • Supply blocks, unpowered buildings, or Contaminate may cause inaccurate times.
  • Supply counts are checked every 10 seconds.